 Dungeon Crawl Stone Soup version 0.32-a0-841-g4648e6c457 (webtiles) character file.

Game seed: 17995841782216057117

6 Dordric the Grasshopper (level 1, -1/22 HPs)
             Began as an Oni Warper on Mar 27, 2024.
             Slain by a hobgoblin (3 damage)
             ... on level 1 of the Dungeon.
             The game lasted 00:00:09 (101 turns).

Dordric the Grasshopper (Oni Warper)                 Turns: 101, Time: 00:00:10

Health: -1/22      AC:  3    Str: 14    XL:     1   Next: 90%
Magic:  3/3        EV:  8    Int: 14    God:
Gold:   22         SH:  0    Dex:  8    Spells: 4/4 levels left

rFire   . . .        a - +0 mace
rCold   . . .        (no shield)
rNeg    . . .        b - +0 robe
rPois   .            (helmet restricted)
rElec   .            (no cloak)
rCorr   .            (gloves unavailable)
SInv    .            (boots unavailable)
Will    .....        (no amulet)
Stlth   +            (no ring)
HPRegen 0.23/turn    (no ring)
MPRegen 0.08/turn

%: no passive effects
@: no status effects
A: large, unfitting armour, horns 1, tough skin 1, double potion healing,
drunken brawling
a: no special abilities


You were on level 1 of the Dungeon.
You visited 1 branch of the dungeon, and saw 1 of its levels.

You collected 22 gold pieces.

Inventory:

Hand Weapons
 a - a +0 mace (weapon)
Missiles
 d - 7 darts of dispersal (quivered)
Armour
 b - a +0 robe (worn)
Scrolls
 c - a scroll of blinking


   Skills:
 - Level 2.6 Fighting
 + Level 2.6 Maces & Flails
 - Level 1.0 Throwing
 - Level 2.1 Dodging
 - Level 2.4 Spellcasting
 - Level 2.6 Translocations


You had 4 spell levels left.
You didn't know any spells.
Your spell library contained the following spells:

 Spells                   Type           Power      Damage    Failure   Level
 Blink                    Tloc           18%        N/A       12%         2
 Lesser Beckoning         Tloc           18%        N/A       12%         2
 Teleport Other           Tloc           9%         N/A       22%         3
 Manifold Assault         Tloc           9%         N/A       58%         4
 Vhi's Electric Charge    Tloc/Air       10%        N/A       78%         4


Dungeon Overview and Level Annotations

Branches:
Dungeon (1/15)

Altars:


Innate Abilities, Weirdness & Mutations

You are too large for most types of armour.
You have a pair of small horns on your head.
You have tough skin. (AC +1)
You gain doubled healing and magic from potions.
Whenever you drink a healing potion, you attack all around you.


Message History

The gnoll shouts!
You barely miss the frilled lizard.
The frilled lizard bites you but does no damage.
The frilled lizard barely misses you.
You closely miss the giant cockroach.
Your headbutt misses the giant cockroach.
The giant cockroach barely misses you. The frilled lizard barely misses you.
A giant cockroach comes into view.
You hit the giant cockroach.
You kill the giant cockroach!
The gnoll closely misses you. The frilled lizard bites you.
The hobgoblin hits you.
You miss the frilled lizard. The gnoll barely misses you.
The frilled lizard bites you. The hobgoblin hits you.
The frilled lizard closely misses you. The hobgoblin hits you.
The gnoll hits you from afar with a +0 spear.
You hit the frilled lizard.
You kill the frilled lizard!
The hobgoblin closely misses you.
The gnoll hits you from afar with a +0 spear.
You are too injured to fight recklessly!
You are too injured to fight recklessly!
You are too injured to fight recklessly!
You are too injured to fight recklessly!
You are too injured to fight recklessly!
You are too injured to fight recklessly!
You are too injured to fight recklessly!
You are too injured to fight recklessly!
You are too injured to fight recklessly!
You are too injured to fight recklessly!
You are too injured to fight recklessly!
There are monsters nearby!
Unknown command.
You are too injured to fight recklessly!
The hobgoblin closely misses you. The gnoll hits you with a +0 spear.
* * * LOW HITPOINT WARNING * * *
The giant cockroach barely misses you.
You see here a frilled lizard corpse.
You barely miss the gnoll. The hobgoblin hits you.
You die...

[.......# #.# ........#
##.#########.
.....#..####............
.#.#....................
........................
##.#.#######...........#
#.#... #...........# #
## #......P....#
#...†@g.....#
#...Bg......#
#..#..........#
.#...#........#
#...#...#.......
.#...#...#..##. ..#...
...#. #.. #. .#...#


You could see a gnoll, a giant cockroach and a hobgoblin.

Vanquished Creatures
  A dart slug (D:1)
  A giant cockroach (D:1)
  A hobgoblin (D:1)
  A frilled lizard (D:1)
4 creatures vanquished.

Notes
Turn   | Place    | Note
-------+----------+-------------------------------------------
     0 | D:1      | Dordric the Oni Warper began the quest for the Orb.
     0 | D:1      | Reached XP level 1. HP: 22/22 MP: 3/3
   100 | D:1      | HP: 1/22 [gnoll/+0 spear (6)]
   101 | D:1      | Slain by a hobgoblin

Illustrated notes

Levels and vault maps discovered:
D:1:      evilmike_arrival_crescent, layout_basic, serial_park_tiny_1,
          hex_large, minmay_3d_cube

Action                     || total
---------------------------++-------
  Melee: Mace              ||     9
         Headbutt          ||     1
   Stab: Sleeping          ||     1
 Armour: Robe              ||    10
  Dodge: Dodged            ||    10

Table legend: (Time is in decaauts)
 A = Elapsed time spent in this place.
 B = Non-inter-level travel time spent in this place.
 C = Inter-level travel time spent in this place.
 D = Time resting spent in this place.
 E = Time spent auto-exploring this place.
 F = Levels seen in this place.
 G = Mean time per level.
                   A        B        C        D        E       F      G
               +--------+--------+--------+--------+--------+-----+--------+
         Total |    103 |    103 |      0 |      0 |     82 |   1 |  103.0 |
       Dungeon |    103 |    103 |      0 |      0 |     82 |   1 |  103.0 |
               +--------+--------+--------+--------+--------+-----+--------+

Top non-repeatable levels by time:
     D:1: 103 daAuts
